 Dungeon Crawl Stone Soup version 0.28.0-43-g3370ac3207 (webtiles) character file.

Game seed: 4125875475968295178

1301 croobank the Firebug (level 8, -2/58 HPs)
             Began as a Gnoll Fire Elementalist on Mar 1, 2022.
             Was an Initiate of Ashenzari.
             Slain by an ogre
             ... wielding a +0 giant club
              (19 damage)
             ... on level 5 of the Dungeon.
             The game lasted 00:18:55 (5324 turns).

croobank the Firebug (Gnoll Fire Elementalist)      Turns: 5324, Time: 00:18:55

Health: -2/58      AC:  7    Str:  6    XL:     8   Next: 57%
Magic:  20/26      EV: 14    Int: 17    God:    Ashenzari [......]
Gold:   236        SH:  0    Dex: 12    Spells: 16/19 levels left

rFire   . . .      SeeInvis .   a - +2 rapier of Toth-Mos's Legacy {elec, Elem, Fort} (curse)
rCold   + . .      Faith    .   (no shield)
rNeg    . . .      Spirit   .   f - +0 robe
rPois   .          Reflect  .   (no helmet)
rElec   .          Harm     .   m - +0 cloak
rCorr   .          Rampage  .   h - +0 pair of gloves
Will    .....      Rage     1%  o - +2 pair of boots
Stlth   +++.......              (no amulet)
HPRegen 0.19/turn               u - ring of protection from cold
MPRegen 0.20/turn               d - ring of magical power

@: about to teleport
A: fangs 1, strong nose, distributed training, berserk 1, weak 1
a: Renounce Religion, Shatter the Chains


You were on level 5 of the Dungeon.
You worshipped Ashenzari.
Ashenzari was noncommittal.
You visited 2 branches of the dungeon, and saw 6 of its levels.
You also visited: Sewer.

You collected 236 gold pieces.

Inventory:

Hand Weapons
 a - the cursed +2 rapier of Toth-Mos's Legacy (weapon) {elec, Elem, Fort}
   (You took it off Eustachio on level 4 of the Dungeon)

   It occasionally discharges a powerful burst of electricity upon striking a
   foe.
   It has a curse which improves the following skills: Elements: Fire Magic, Ice
   Magic, Air Magic and Earth Magic.
   Fortitude: Armour and Shields.
 k - a +0 fustibalus
 p - a +0 hunting sling
 q - a +0 scythe
 A - a +0 dagger
 C - a +4 dagger of speed
 D - a +1 hand axe of distortion
Missiles
 e - 22 sling bullets
 g - 74 stones
 l - 6 poisoned darts
 y - 52 arrows
 E - 2 boomerangs
Armour
 f - a +0 robe (worn)
 h - a +0 pair of gloves (worn)
 m - a +0 cloak (worn)
 o - a +2 pair of boots (worn)
 B - a +0 leather armour
Jewellery
 d - a ring of magical power (right hand)
 u - a ring of protection from cold (left hand)
Wands
 r - a wand of flame (18)
 w - a wand of polymorph (10)
Scrolls
 b - 2 scrolls of fear
 c - 5 scrolls of teleportation
 i - 2 scrolls of magic mapping
 n - 2 scrolls of fog
 t - a scroll of immolation {unknown}
 z - a scroll of brand weapon
 I - a scroll of acquirement {unknown}
Potions
 s - 2 potions of invisibility
 v - 3 potions of curing
 x - 2 potions of heal wounds
 F - a potion of brilliance
 G - a potion of magic {unknown}
 H - a potion of haste


   Skills:
 + Level 3.4 Fighting
 + Level 3.4 Short Blades
 + Level 3.4 Long Blades
 + Level 3.4 Axes
 + Level 3.4 Maces & Flails
 + Level 3.4 Polearms
 + Level 3.4 Staves
 + Level 3.4 Slings
 + Level 3.4 Bows
 + Level 3.4 Crossbows
 + Level 3.4 Throwing
 + Level 3.4(3.8) Armour
 + Level 5.7 Dodging
 + Level 5.4 Stealth
 + Level 3.4(3.8) Shields
 + Level 3.4 Unarmed Combat
 + Level 6.1 Spellcasting
 + Level 3.5 Conjurations
 + Level 2.7 Hexes
 + Level 2.7 Summonings
 + Level 2.7 Necromancy
 + Level 2.7 Translocations
 + Level 2.7 Transmutations
 + Level 6.2(6.6) Fire Magic
 + Level 2.7(3.1) Ice Magic
 + Level 2.7(3.1) Air Magic
 + Level 2.7(3.1) Earth Magic
 + Level 2.7 Poison Magic
 + Level 3.7 Invocations
 + Level 3.4 Evocations


You had 16 spell levels left.
You knew the following spells:

 Your Spells              Type           Power      Damage    Failure   Level
a - Foxfire               Conj/Fire      88%        2x1d8     1%          1
b - Scorch                Fire           54%        2d7       1%          2

Your spell library contained the following spells:

 Spells                   Type           Power      Damage    Failure   Level
 Slow                     Hex            56%        N/A       4%          1
 Conjure Flame            Conj/Fire      22%        6-21      4%          3
 Inner Flame              Hex/Fire       21%        N/A       5%          3
 Confusing Touch          Hex            14%        N/A       12%         3
 Tukima's Dance           Hex            14%        N/A       12%         3
 Vampiric Draining        Necr           14%        2d7       12%         3
 Flame Wave               Conj/Fire      22%        2d7       16%         4
 Passage of Golubria      Tloc           14%        N/A       38%         4
 Yara's Violent Unravell  Hex/Tmut       7%         3d5       75%         5


Dungeon Overview and Level Annotations

Branches:
Dungeon (5/15)             Temple (1/1) D:4           Sewer (visited)

Altars:
Ashenzari
Dithmenos
Elyvilon
Makhleb
Nemelex Xobeh
Qazlal
Ru
Sif Muna
Uskayaw
Xom
The Shining One

Annotations:
D:2 1 runed translucent door, Crazy Yiuf
D:3 3 runed translucent doors, js333's ghost, amateur DECj


Innate Abilities, Weirdness & Mutations

You have very sharp teeth.
Your uncanny sense of smell can sniff out nearby items.
Your experience applies equally to all skills.
You tend to lose your temper in combat.
You are weak. (Str -2)


Message History

Beogh smites you!
Casting: Foxfire (safe; 1% risk of failure)
Confirm with . or Enter, or press ? or * to list all spells.
You conjure some foxfire!
The vampire mosquito closely misses you.
The vampire mosquito misses you.
You hit the vampire mosquito but do no damage.
The vampire mosquito is moderately damaged.
The foxfire hits the vampire mosquito but does no damage.
The vampire mosquito is moderately damaged.
The foxfire hits the vampire mosquito.
The vampire mosquito is moderately damaged.
The vampire mosquito bites you but does no damage.
The vampire mosquito completely misses you.
The orc priest casts a cantrip, but nothing happens.
Casting: Foxfire (safe; 1% risk of failure)
Confirm with . or Enter, or press ? or * to list all spells.
You conjure some foxfire!
The vampire mosquito bites you.
The vampire mosquito draws strength from your injuries!
The vampire mosquito bites you.
The vampire mosquito draws strength from your injuries!
The orc priest calls down the wrath of Beogh upon you.
Beogh smites you!
* * * LOW HITPOINT WARNING * * *
You hit the vampire mosquito. Your bite misses the vampire mosquito.
The vampire mosquito is moderately damaged.
The foxfire hits the vampire mosquito.
The vampire mosquito is heavily damaged.
The foxfire hits the vampire mosquito.
The vampire mosquito is heavily damaged.
The vampire mosquito closely misses you.
The vampire mosquito bites you.
* * * LOW HITPOINT WARNING * * *
The vampire mosquito draws strength from your injuries!
An adder comes into view.
As you read the scroll of teleportation, it crumbles to dust.
You feel strangely unstable. The vampire mosquito barely misses you.
The vampire mosquito closely misses you.
The ogre hits you with a +0 giant club!!
You die...

*
#[#.......#.#..$.,*,,,,,,***,
*
#....._...^...#.#**∆,*,,,,,**
*
#.#......[#.....#*,,*,,*,*,,,
##.#.......#.....#*,.*,,,,*,,*
#..#.......#.....*,S.,,8,,,,,*
#..#########..####o##,,,,,,,**
#.............#.....,*,,,*,,*,
#...###.#.....O.#**,,,,,,*,**,
#####.####...##.@y##
***,,,,,,*,,
......###...####..#*
****,,,**,* ##........###
##..#***,,***,+,,, #....#####
*...#,,,********, #>....#####
*...#∆,,,,,,,,,** #.........#
**...#,,,***,,,,,* ####..#...#
*,..##,,***,,,**** #...#...#
**,..#*,,***,,,,,,, *#...#[.<#
**,,,****,,**,,,****


You could see a vampire mosquito, an ogre, an orc priest and an adder
(wandering).

Vanquished Creatures
  Sigmund (D:3)
  Eustachio (D:4)
  2 black bears
  An ogre (D:4)
  Blork the orc (D:4)
  2 bullfrogs (Sewer)
  A scorpion (D:4)
  A wyvern skeleton (D:5)
  An iguana (D:4)
  Terence (D:3)
  3 orc wizards (D:5)
  12 adders
  13 river rats
  An ufetubus (D:4)
  2 worms (D:3)
  A dart slug (D:1)
  5 orcs
  4 endoplasms
  4 giant cockroaches
  5 goblins
  10 hobgoblins
  A quokka (D:2)
  14 ball pythons
  5 bats
  3 frilled lizards
  8 kobolds
  25 rats
128 creatures vanquished.

Vanquished Creatures (others)
  213 foxfires
  A fungus (D:2)
  5 toadstools (D:1)
219 creatures vanquished.

Grand Total: 347 creatures vanquished

Notes
Turn   | Place    | Note
-------+----------+-------------------------------------------
     0 | D:1      | croobank the Gnoll Fire Elementalist began the quest for
                  | the Orb.
     0 | D:1      | Reached XP level 1. HP: 13/13 MP: 6/6
   217 | D:1      | Reached XP level 2. HP: 19/19 MP: 4/7
   354 | D:1      | Found a faded altar of an unknown god.
   564 | D:1      | Learned a level 2 spell: Scorch
   920 | D:2      | Reached XP level 3. HP: 25/25 MP: 7/9
   967 | D:2      | Reached skill level 5 in Spellcasting
  1379 | D:2      | Found a shadowy altar of Dithmenos.
  1576 | D:2      | Found a runed translucent door.
  1577 | D:2      | Noticed Crazy Yiuf
  1726 | D:3      | Noticed Terence
  1744 | D:3      | Killed Terence
  1745 | D:3      | Reached skill level 1 in Fighting
  1745 | D:3      | Reached skill level 1 in Short Blades
  1745 | D:3      | Reached skill level 1 in Long Blades
  1745 | D:3      | Reached skill level 1 in Axes
  1745 | D:3      | Reached skill level 1 in Maces & Flails
  1745 | D:3      | Reached skill level 1 in Polearms
  1745 | D:3      | Reached skill level 1 in Staves
  1745 | D:3      | Reached skill level 1 in Slings
  1745 | D:3      | Reached skill level 1 in Bows
  1745 | D:3      | Reached skill level 1 in Crossbows
  1745 | D:3      | Reached skill level 1 in Throwing
  1745 | D:3      | Reached skill level 1 in Armour
  1745 | D:3      | Reached skill level 1 in Shields
  1745 | D:3      | Reached skill level 1 in Unarmed Combat
  1745 | D:3      | Reached skill level 1 in Invocations
  1745 | D:3      | Reached skill level 1 in Evocations
  1745 | D:3      | Reached XP level 4. HP: 5/32 MP: 2/11
  2391 | D:3      | Found a shimmering blue altar of Sif Muna.
  2391 | D:3      | Found a white marble altar of Elyvilon.
  2574 | D:3      | Found a runed translucent gate.
  2574 | D:3      | Found a runed translucent gate.
  2574 | D:3      | Found a runed translucent gate.
  2575 | D:3      | Noticed js333's ghost (amateur DECj)
  2639 | D:3      | Reached skill level 1 in Hexes
  2639 | D:3      | Reached skill level 1 in Summonings
  2639 | D:3      | Reached skill level 1 in Necromancy
  2639 | D:3      | Reached skill level 1 in Translocations
  2639 | D:3      | Reached skill level 1 in Transmutations
  2639 | D:3      | Reached skill level 1 in Ice Magic
  2639 | D:3      | Reached skill level 1 in Air Magic
  2639 | D:3      | Reached skill level 1 in Earth Magic
  2639 | D:3      | Reached skill level 1 in Poison Magic
  2710 | D:3      | Noticed Sigmund
  2712 | D:3      | Gained mutation: You are weak. (Str -2) [potion of
                  | mutation]
  2712 | D:3      | Gained mutation: You tend to lose your temper in combat.
                  | [potion of mutation]
  2730 | D:3      | Killed Sigmund
  2731 | D:3      | Reached XP level 5. HP: 18/38 MP: 3/12
  2731 | D:3      | Reached XP level 6. HP: 21/44 MP: 3/13
  3037 | D:4      | Noticed Blork the orc
  3048 | D:4      | Killed Blork the orc
  3049 | D:4      | Reached skill level 5 in Dodging
  3330 | D:4      | Reached XP level 7. HP: 50/50 MP: 8/15
  3525 | D:4      | Noticed Eustachio
  3532 | D:4      | Killed Eustachio
  3608 | D:4      | Found a staircase to the Ecumenical Temple.
  3614 | Temple   | Entered the Ecumenical Temple
  3630 | Temple   | Became a worshipper of Ashenzari the Shackled
  3866 | D:4      | Reached skill level 5 in Stealth
  4397 | D:5      | Entered Level 5 of the Dungeon
  4414 | D:5      | Found a hide-covered altar of Uskayaw.
  4455 | D:5      | Found a sparkling altar of Nemelex Xobeh.
  4491 | D:5      | Reached XP level 8. HP: 48/57 MP: 12/16
  4497 | D:5      | Found a glowing drain.
  4505 | Sewer    | Entered a sewer
  5324 | D:5      | Slain by an ogre

Illustrated notes

Levels and vault maps discovered:
D:1:      ldierk_walled_garden, layout_basic,
          ebering_ecumenical_altar_sacrificial
D:2:      layout_basic, basic_altar, item_on_display_a, uniq_crazy_yiuf_cottage
D:3:      layout_basic, mainiacjoe_overflow_large_starburst,
          ebering_ghost_rock_garden, uniq_terence, uniq_sigmund
D:4:      minmay_inner_zag, layout_basic, temple_green, st_stairs_6,
          chequers_serial_rivers_large_b, minmay_misc_feat_enclosed,
          columned_hall_lemuel, uniq_eustachio, uniq_blork_the_orc
D:5:      minmay_skewed_foursquare, layout_rooms, lemuel_tele_altar,
          nicolae_overflow_hidden_temple, serial_curves, eino_curves_04,
          eino_curves_04, eino_curves_02, eino_curves_04,
          gup_sewer_entry_bubbles, grunt_ministairs_15
Temple:   chequers_temple_sunken

Skill      XL: |  1  2  3  4  5  6  7  8 |
---------------+-------------------------+-----
Conjurations   | 2 3 |  3.5
Spellcasting   | 5 6 |  6.1
Fighting       | 1 2 3 |  3.4
Short Blades   | 1 2 3 |  3.4
Long Blades    | 1 2 3 |  3.4
Axes           | 1 2 3 |  3.4
Maces & Flails | 1 2 3 |  3.4
Polearms       | 1 2 3 |  3.4
Staves         | 1 2 3 |  3.4
Slings         | 1 2 3 |  3.4
Bows           | 1 2 3 |  3.4
Crossbows      | 1 2 3 |  3.4
Throwing       | 1 2 3 |  3.4
Armour         | 1 2 3 |  3.4
Shields        | 1 2 3 |  3.4
Unarmed Combat | 1 2 3 |  3.4
Invocations    | 1 2 3 |  3.7
Evocations     | 1 2 3 |  3.4
Hexes          | 1 2 |  2.7
Summonings     | 1 2 |  2.7
Necromancy     | 1 2 |  2.7
Translocations | 1 2 |  2.7
Transmutations | 1 2 |  2.7
Ice Magic      | 1 2 |  2.7
Air Magic      | 1 2 |  2.7
Earth Magic    | 1 2 |  2.7
Poison Magic   | 1 2 |  2.7
Dodging        | 5 |  5.7
Stealth        | 5 |  5.4
Fire Magic     | 6 |  6.2

Action                   |  1- 3 |  4- 6 |  7- 9 || total
-------------------------+-------+-------+-------++-------
Melee: Unarmed           |     1 |       |       ||     1
       Dagger            |    21 |    31 |       ||    52
       Bite              |     7 |     2 |     2 ||    11
       Punch             |       |     1 |     2 ||     3
       Rapier            |       |       |    37 ||    37
 Cast: Foxfire           |    39 |    17 |    74 ||   130
       Scorch            |     6 |    15 |    36 ||    57
Invok: Curse Item        |       |       |     1 ||     1
  Use: Potion            |     4 |     3 |       ||     7
       Scroll            |       |     1 |     9 ||    10
Armor: Robe              |     3 |    13 |    24 ||    40
Dodge: Dodged            |    18 |    22 |    69 ||   109
